 Dungeon Crawl Stone Soup version 0.31-a0-485-gaadceae713 (webtiles) character file.

Game seed: 14596385305404356720

207 senseless the Ruffian (level 5, -6/40 HPs)
             Began as a Demonspawn Shapeshifter on Aug 7, 2023.
             Mangled by an ogre
             ... wielding a +0 giant club
              (14 damage)
             ... on level 3 of the Dungeon.
             The game lasted 00:07:18 (1858 turns).

senseless the Ruffian (Demonspawn Shapeshifter)     Turns: 1858, Time: 00:07:18

Health: -6/40      AC:  8    Str: 17    XL:     5   Next: 54%
Magic:  5/5        EV:  8    Int: 10    God:
Gold:   46         SH:  0    Dex: 13    Spells: 4/4 levels left

rFire   . . .        o - +3 dagger
rCold   . . .        (no shield)
rNeg    . . .        g - +0 chain mail
rPois   .            (helmet currently unavailable)
rElec   .            (cloak currently unavailable)
rCorr   .            (gloves currently unavailable)
SInv    .            (boots currently unavailable)
Will    .....        (no amulet) Stlth
                     n - ring of flight
HPRegen 0.26/turn    (no ring)
MPRegen 0.09/turn

%: no passive effects
@: beast-form, flying
A: beast (slay +2), powered by pain 1, demonic touch 1
a: Begin Untransformation


You were on level 3 of the Dungeon.
You were a hulking beast.
You visited 1 branch of the dungeon, and saw 3 of its levels.

You collected 46 gold pieces.

Inventory:

Hand Weapons
 o - a +3 dagger (weapon)
Missiles
 i - 3 atropa-tipped darts (quivered)
 j - 5 poisoned darts
Armour
 a - a +0 animal skin
 d - a +0 leather armour
 e - a +0 ring mail
 g - a +0 chain mail (worn)
Jewellery
 n - a ring of flight (left hand)
Talismans
 c - a beast talisman (active)
Scrolls
 k - a scroll of identify
Potions
 b - 3 potions of lignification
 f - 2 potions of resistance
 h - a potion of enlightenment


   Skills:
 + Level 2.8 Fighting
 + Level 3.0 Dodging
 + Level 3.6 Unarmed Combat
 + Level 3.4 Shapeshifting


You had 4 spell levels left.
You didn't know any spells.
Your spell library contained the following spells:

 Spells                   Type           Power      Damage    Failure   Level
 Call Canine Familiar     Summ           0%         N/A       100%        3
 Portal Projectile        Hex/Tloc       0%         N/A       100%        3
 Leda's Liquefaction      Hex/Erth       0%         N/A       100%        4


Dungeon Overview and Level Annotations

Branches:
Dungeon (3/15)

Altars:


Innate Abilities, Weirdness & Mutations

You are a hulking beast.
Your limbs bulge with bestial killing power. (Slay +2)
You sometimes gain a little power by taking damage.
Your touch may inflict minor irresistible damage on your foes.


Message History

You see here a bat corpse.
A hobgoblin comes into view.
The hobgoblin shouts!
An ogre comes into view. It is wielding a +0 giant club.
Found 7 gold pieces.
The ogre shouts!
The hobgoblin hits you but does no damage.
You hit the hobgoblin.
The hobgoblin is severely wounded.
The hobgoblin misses you.
You barely miss the hobgoblin.
You touch the hobgoblin.
You kill the hobgoblin!
You throw an atropa-tipped dart. The atropa-tipped dart hits the ogre.
The ogre appears confused.
The ogre seems less confused.
You hit the ogre but do no damage.
The ogre hits you with a +0 giant club!!
Ouch! That really hurt!
You are too injured to fight recklessly!
You are too injured to fight recklessly!
You hit the ogre.
You touch the ogre!
The ogre is heavily wounded.
The ogre is no longer blind.
You hit the ogre.
The ogre is severely wounded.
The ogre hits you with a +0 giant club!
* * * LOW HITPOINT WARNING * * *
You are too injured to fight recklessly!
Throw: 4 darts (atropa)
Press: ? - help, Q - select action, (/) - cycle Shift-Dir - straight line, f/p - ogre
Aim: an ogre, wielding a +0 giant club (severely wounded, 73% to hit, chance to blind on hit: 27%)
Okay, then.
Throw: 4 darts (atropa)
Press: ? - help, Q - select action, (/) - cycle Shift-Dir - straight line, f/p - ogre
Aim: an ogre, wielding a +0 giant club (severely wounded, 73% to hit, chance to blind on hit: 27%)
You throw an atropa-tipped dart. The atropa-tipped dart hits the ogre.
The ogre resists.
The ogre is severely wounded.
The ogre hits you with a +0 giant club!
You die...

... #.# #.#
#.# #.#######
##.#...... #
##......#
..###.#..hO(#
#.....†.....#
#.###$###.###
.. ##.# # #.#
... ...
#.###....
###.###
##........
#.....#
##...####..
#.#)#.#
##.....##
#.#.#.##
##.......#


You could see an ogre.

Vanquished Creatures
  An orc priest (D:3)
  Natasha (thrice) (D:2)
  A gnoll (D:1)
  4 adders
  A worm (D:2)
  A dart slug (D:1)
  4 orcs (D:3)
  7 bats
  4 endoplasms
  9 hobgoblins
  3 ball pythons
  2 frilled lizards
  6 goblins
  5 kobolds
  2 rats
53 creatures vanquished.

Notes
Turn   | Place    | Note
-------+----------+-------------------------------------------
     0 | D:1      | senseless the Demonspawn Shapeshifter began the quest for
                  | the Orb.
     0 | D:1      | Reached XP level 1. HP: 15/15 MP: 1/1
   386 | D:1      | Gained mutation: You sometimes gain a little power by
                  | taking damage. [demonic ancestry]
   386 | D:1      | Reached XP level 2. HP: 12/21 MP: 2/2
   716 | D:2      | Discovered your monstrous ancestry.
   716 | D:2      | Gained mutation: Your touch may inflict minor irresistible
                  | damage on your foes. [demonic ancestry]
   716 | D:2      | Reached XP level 3. HP: 21/27 MP: 3/3
   780 | D:2      | Noticed Natasha
   859 | D:2      | Killed Natasha
   860 | D:2      | Reached XP level 4. HP: 29/33 MP: 4/4
   971 | D:2      | Noticed Natasha
   977 | D:2      | Killed Natasha
  1312 | D:2      | Noticed Natasha
  1318 | D:2      | Killed Natasha
  1319 | D:2      | Reached XP level 5. HP: 32/39 MP: 5/5
  1848 | D:3      | Noticed an ogre
  1858 | D:3      | Mangled by an ogre

Illustrated notes

Levels and vault maps discovered:
D:1:      arrival_zaba_pyramid, layout_basic
D:2:      layout_rooms, serial_bayou_lagoon_b, uniq_natasha
D:3:      layout_loops_corners, minmay_goblin_kobold_house

Skill      XL: |  1  2  3  4  5 |
---------------+----------------+-----
Dodging        | 2 3 |  3.0
Unarmed Combat | 3 |  3.6
Shapeshifting  | 3 |  3.4
Fighting       | 2 |  2.8

Action                     |  1- 3 |  4- 6 || total
---------------------------+-------+-------++-------
  Melee: Unarmed           |    57 |    19 ||    76
         Punch             |     2 |     2 ||     4
         Touch             |     3 |    11 ||    14
         Dagger            |       |    49 ||    49
  Throw: Dart              |       |     2 ||     2
    Use: Scroll            |       |     5 ||     5
         Potion            |       |     2 ||     2
 Armour: Ring mail         |    13 |    11 ||    24
         Animal skin       |     1 |       ||     1
         Chain mail        |       |     4 ||     4
  Dodge: Dodged            |    34 |    34 ||    68

Table legend: (Time is in decaauts)
 A = Elapsed time spent in this place.
 B = Non-inter-level travel time spent in this place.
 C = Inter-level travel time spent in this place.
 D = Time resting spent in this place.
 E = Time spent auto-exploring this place.
 F = Levels seen in this place.
 G = Mean time per level.
                   A        B        C        D        E       F      G
               +--------+--------+--------+--------+--------+-----+--------+
         Total |   1852 |   1599 |    253 |      0 |   1181 |   3 |  617.3 |
       Dungeon |   1852 |   1599 |    253 |      0 |   1181 |   3 |  617.3 |
               +--------+--------+--------+--------+--------+-----+--------+

Top non-repeatable levels by time:
     D:2: 853 daAuts
     D:1: 702 daAuts
     D:3: 296 daAuts
